 Dungeon Crawl Stone Soup version 0.25.1-2-g60ff931df9 (webtiles) character file.

Game seed: 3806630310343433206

243 H0rd4k the Insei (level 6, -1/38 HPs)
             Began as an Octopode Transmuter on Aug 25, 2020.
             Slain by an iguana (6 damage)
             ... on level 4 of the Dungeon.
             The game lasted 00:03:20 (3248 turns).

H0rd4k the Insei (Octopode Transmuter)              Turns: 3248, Time: 00:03:20

Health: -1/38      AC:  1    Str:  9    XL:     6   Next: 9%
Magic:  10/10      EV: 14    Int: 17    God:
Gold:   84         SH:  0    Dex: 13    Spells: 5/11 levels left

rFire    x . .     SeeInvis .     - Unarmed
rCold    + . .     Gourm    .   (no shield)
rNeg     . . .     Faith    .   (helmet restricted)
rPois    .         Spirit   .   (no amulet)
rElec    .         Reflect  .   l - ring of ice
rCorr    .         Harm     .   p - ring of protection from magic
MR       +....                  (no ring)
Stlth    +++.......             (no ring)
HPRegen  0.12/turn              (no ring)
MPRegen  0.12/turn              (no ring)
                                (no ring)
                                (no ring)

@: lethally poisoned (-1 -> -4), appendage, hasted, very quick
A: almost no armour, stealthy swim, amphibious, 8 rings, constrict 8, tentacle
spike 3, camouflage 1, gelatinous body 1
a: End Transformation


You were on level 4 of the Dungeon.
You were not hungry.
One of your tentacles had a temporary spike.
You visited 1 branch of the dungeon, and saw 4 of its levels.

You collected 84 gold pieces.

Inventory:

Missiles
 a - 23 arrows
 b - 30 poisoned darts (quivered)
Jewellery
 l - a ring of ice (left tentacle)
 p - a ring of protection from magic (right tentacle)
Scrolls
 d - 2 scrolls of remove curse {unknown}
 e - 2 scrolls of enchant weapon {unknown}
 g - a scroll of blinking {unknown}
 i - 4 scrolls of identify {unknown}
 k - a scroll of teleportation {unknown}
 m - a scroll of noise {unknown}
 n - a scroll of immolation {unknown}
Potions
 f - a potion of cancellation {unknown}
 h - a potion of brilliance {unknown}
 j - a potion of haste
 o - a potion of lignification {unknown}
Comestibles
 c - 7 rations


   Skills:
 + Level 1.6 Fighting
 + Level 2.4 Dodging
 + Level 2.6 Stealth
 + Level 4.5 Unarmed Combat
 * Level 3.0 Spellcasting
 * Level 3.2 Transmutations


You had 5 spell levels left.
You knew the following spells:

 Your Spells              Type           Power        Failure   Level  Hunger
a - Beastly Appendage     Tmut           ##....       4%          1    None
b - Sticks to Snakes      Tmut           ##......     7%          2    ##.....
c - Spider Form           Tmut/Pois      #.........   26%         3    ###....

Your spell library contained the following spells:

 Spells                   Type           Power        Failure   Level  Hunger
 Ice Form                 Ice/Tmut       ##......     65%         4    ####...
 Blade Hands              Tmut           ##........   78%         5    ######.


Dungeon Overview and Level Annotations

Branches:
Dungeon (4/15)
 Temple: D:4-7

Altars:
Cheibriados
The Shining One

Annotations:
D:3 1 runed translucent door, exclusions: door and phantom, Crazy Yiuf


Innate Abilities, Weirdness & Mutations

You cannot wear most types of armour.
You are very stealthy in the water. (Stealth+)
You are amphibious.
You can wear up to eight rings at the same time.
You can use your tentacles to constrict eight enemies at once.
Your skin changes colour to match your surroundings (Stealth+).
Your rubbery body absorbs attacks. (AC +1, EV +1)
One of your tentacles bears a large vicious spike.


Message History

You tentacle-slap the adder.
You kill the adder!
An iguana and an adder come into view.
You see here an adder corpse.
There are monsters nearby!
You feel sick.
The helpless iguana fails to defend itself.
You tentacle-slap the iguana. You grab the iguana.
You pierce the iguana, but do no damage.
You squeeze the iguana.
The iguana is moderately wounded.
You constrict the iguana, but do no damage.
The iguana bites you!
You tentacle-slap the iguana.
The iguana is moderately wounded.
You constrict the iguana. The iguana bites you!
* * * LOW HITPOINT WARNING * * *
You release your grip on the iguana.
You feel sick.
It was a potion of haste.
You feel yourself speed up. The iguana bites you.
You die...

#.######.....#
#.#######...##
#.....)....##
#..#######.#########
#..# #.........
###..### #.###....
..<....# #.###.####
###..#.# #........#
#..#.# #####@##.#
#...#.########l#
#..###......†S#.#
##.. .#......###..
... #...###.# #.#
..# #.. #S# ... ...
.# .## .. # # .


You could see an iguana and an adder.

Vanquished Creatures
  An ogre (D:4)
  Jessica (D:2)
  7 adders
  An ooze (D:4)
  A worm (D:2)
  3 dart slugs
  A leopard gecko (D:2)
  An orc (D:3)
  A ball python (D:2)
  3 bat skeletons (D:2)
  A bat zombie (D:2)
  A giant cockroach (D:1)
  7 goblins
  9 hobgoblins
  2 jackals (D:2)
  2 bats
  A frilled lizard (D:3)
  6 kobolds
  5 rats
  A withered plant (D:2)
55 creatures vanquished.

Notes
Turn   | Place    | Note
-------+----------+-------------------------------------------
     0 | D:1      | H0rd4k the Octopode Transmuter began the quest for the Orb.
     0 | D:1      | Reached XP level 1. HP: 13/13 MP: 3/3
   215 | D:1      | Reached XP level 2. HP: 16/18 MP: 5/5
   683 | D:1      | Reached XP level 3. HP: 21/23 MP: 6/6
   869 | D:1      | Learned a level 2 spell: Sticks to Snakes
   873 | D:1      | Learned a level 3 spell: Spider Form
  1320 | D:2      | Reached XP level 4. HP: 25/28 MP: 7/7
  1456 | D:2      | Noticed Jessica
  1675 | D:2      | Killed Jessica
  1675 | D:2      | Reached skill level 1 in Stealth
  1675 | D:2      | Reached skill level 4 in Unarmed Combat
  1837 | D:2      | Found a snail-covered altar of Cheibriados.
  1942 | D:2      | Found a glowing golden altar of the Shining One.
  1954 | D:2      | Reached XP level 5. HP: 25/33 MP: 9/9
  2738 | D:3      | Found a runed translucent door.
  2739 | D:3      | Noticed Crazy Yiuf
  3123 | D:4      | Noticed a phantom
  3124 | D:4      | Noticed an ogre
  3143 | D:4      | Killed an ogre
  3143 | D:4      | Reached XP level 6. HP: 38/38 MP: 6/10
  3248 | D:4      | Slain by an iguana

Illustrated notes

Levels and vault maps discovered:
D:1:      minmay_arrival_plants_in_alcoves, layout_loops_cross,
          serial_bayou_pond_a
D:2:      layout_rooms, cheibriados_altar_1, serial_undead, serial_undead_c,
          serial_undead_e, serial_undead_e, serial_undead_d,
          nicolae_tso_carved_into_rock, uniq_jessica
D:3:      layout_rooms, uniq_crazy_yiuf_cottage
D:4:      layout_loops_ring, grunt_temple_overflow_diamond, first_ration,
          chequers_serial_rivers_room_b

Skill      XL: |  1  2  3  4  5 |
---------------+----------------+-----
Stealth        | 1 2 |  2.6
Unarmed Combat | 4 |  4.5
Spellcasting   | 3 |  3.0
Transmutations | 3 |  3.2
Fighting       | |  1.6
Dodging        | |  2.4

Action                   |  1- 3 |  4- 6 || total
-------------------------+-------+-------++-------
Melee: Unarmed           |    73 |    92 ||   165
       Constrict         |    21 |    13 ||    34
       Tentacles         |     8 |    11 ||    19
       Punch             |     1 |       ||     1
       Kick              |       |     5 ||     5
Throw: Dart              |       |     2 ||     2
 Cast: Beastly Appendage |     1 |     4 ||     5
       Spider Form       |       |     1 ||     1
  Use: Potion            |       |     1 ||     1
 Stab: Sleeping          |     4 |     7 ||    11
  Eat: Chunk             |     1 |     6 ||     7
Armor: Skin              |     4 |     4 ||     8
Dodge: Dodged            |    45 |    58 ||   103
